| TOP OF THE 1ST |
|
Hagerstown Suns batting - Pitching for Wisconsin Timber Rattlers : RHP Zachery Waff
|
|
Pitching: RHP Zachery Waff
|
|
|
Batting: RHB Bobby Bricker
|
0-0: Ball 1-0: Foul Ball, location: 2F 1-1: Ball 2-1: Ball 3-1: Base on Balls
|
|
Batting: RHB Leo Gutierrez
|
0-0: Called Strike 0-1: Ball 1-1: Ball 2-1: Fielders Choice at 2nd, 4-6 (Groundball, 34, EV 83.1 MPH)
|
|
Batting: RHB Tylor Cyr
|
0-0: Ball 1-0: Foul Ball, location: 2F 1-1: Ball 2-1: Foul Ball, location: 2F 2-2: Ball 3-2: Base on Balls Leo Gutierrez to second
|
|
Batting: RHB Slavik Nebrodov
|
0-0: Hit by Pitch Leo Gutierrez to third Tylor Cyr to second
|
|
Batting: RHB Bryan Wheeler
|
0-0: Foul Ball, location: 2F 0-1: SINGLE (Line Drive, 7S, EV 105.6 MPH) Leo Gutierrez scores Tylor Cyr to third Slavik Nebrodov to second
|
|
Batting: RHB Ben Welt
|
0-0: Ball 1-0: Swinging Strike 1-1: Ball 2-1: Called Strike 2-2: Ball 3-2: Fielders Choice at 2nd, 6-4 (Groundball, 6, EV 95.0 MPH) Tylor Cyr scores Slavik Nebrodov to third
|
|
Batting: LHB Vince McLane
|
0-0: Called Strike 0-1: Ball 1-1: DOUBLE (Line Drive, 8RD, EV 106.9 MPH) Slavik Nebrodov scores Ben Welt to third
|
|
Batting: RHB Antonio Morado
|
0-0: Ball 1-0: Ball 2-0: Ground out 4-3 (Groundball, 4S, EV 65.0 MPH)
|
| Top of the 1st over - 3 runs, 2 hits, 0 errors, 2 left on base; Hagerstown 3 - Wisconsin 0 |
| BOTTOM OF THE 1ST |
|
Wisconsin Timber Rattlers batting - Pitching for Hagerstown Suns : RHP Josh Wellman
|
|
Pitching: RHP Josh Wellman
|
|
|
Batting: SHB Sam Bingham
|
0-0: Ball 1-0: Called Strike 1-1: Foul Ball, location: 2F 1-2: Foul Ball, location: 2F 1-2: Ground out U3 (Groundball, 3, EV 86.9 MPH)
|
|
Batting: RHB Ryan Miller
|
0-0: Called Strike 0-1: Ball 1-1: Foul Ball, location: 2F 1-2: Ground out 4-3 (Groundball, 4, EV 103.8 MPH)
|
|
Batting: LHB Jason Raker
|
0-0: Called Strike 0-1: Ball 1-1: Ball 2-1: Ground out 4-3 (Groundball, 4, EV 81.2 MPH)
|
| Bottom of the 1st over - 0 runs, 0 hits, 0 errors, 0 left on base; Hagerstown 3 - Wisconsin 0 |
| TOP OF THE 2ND |
|
Hagerstown Suns batting - Pitching for Wisconsin Timber Rattlers : RHP Zachery Waff
|
|
Batting: LHB Yasuo Igarashi
|
0-0: Ball 1-0: Swinging Strike 1-1: Swinging Strike 1-2: Ball 2-2: Strikes out swinging
|
|
Batting: RHB Bobby Bricker
|
0-0: Foul Ball, location: 2F 0-1: Ball 1-1: Foul Ball, location: 2F 1-2: Ball 2-2: Ball 3-2: Fly out, F9 (Flyball, 9, EV 83.8 MPH)
|
|
Batting: RHB Leo Gutierrez
|
0-0: Ball 1-0: Called Strike 1-1: Ball 2-1: Called Strike 2-2: Foul Ball, location: 2F 2-2: Ground out 5-3 (Groundball, 56S, EV 71.9 MPH)
|
| Top of the 2nd over - 0 runs, 0 hits, 0 errors, 0 left on base; Hagerstown 3 - Wisconsin 0 |
| BOTTOM OF THE 2ND |
|
Wisconsin Timber Rattlers batting - Pitching for Hagerstown Suns : RHP Josh Wellman
|
|
Batting: LHB Mark Backstrom
|
0-0: Ball 1-0: Called Strike 1-1: Foul Ball, location: 2F 1-2: SINGLE (Line Drive, 7S, EV 105.0 MPH)
|
|
Batting: RHB Alfredo Sena
|
0-0: Called Strike Balk! Mark Backstrom to second 0-1: Ground out 4-3 (Groundball, 4, EV 103.1 MPH) Mark Backstrom to third
|
|
Batting: RHB Dan Allred
|
0-0: Called Strike 0-1: Swinging Strike 0-2: Foul Ball, location: 2F 0-2: DOUBLE (Flyball, 8RXD, EV 103.8 MPH) Mark Backstrom scores
|
|
Batting: RHB Juan Villanueva
|
0-0: Ball 1-0: Called Strike 1-1: Ball 2-1: Ground out 6-3 (Groundball, 6, EV 106.9 MPH)
|
|
Batting: SHB Robert Sayer
|
0-0: Called Strike 0-1: Called Strike 0-2: Ground out 4-3 (Groundball, 4, EV 103.1 MPH)
|
| Bottom of the 2nd over - 1 run, 2 hits, 0 errors, 1 left on base; Hagerstown 3 - Wisconsin 1 |
| TOP OF THE 3RD |
|
Hagerstown Suns batting - Pitching for Wisconsin Timber Rattlers : RHP Zachery Waff
|
|
Batting: RHB Tylor Cyr
|
0-0: Ball 1-0: Foul Ball, location: 2F 1-1: Ground out 5-3 (Groundball, 56, EV 101.9 MPH)
|
|
Batting: RHB Slavik Nebrodov
|
0-0: Called Strike 0-1: Ball 1-1: Ball 2-1: Ground out 1-3 (Groundball, P, EV 71.2 MPH)
|
|
Batting: RHB Bryan Wheeler
|
0-0: Called Strike 0-1: Foul Ball, location: 2F 0-2: Strikes out swinging
|
| Top of the 3rd over - 0 runs, 0 hits, 0 errors, 0 left on base; Hagerstown 3 - Wisconsin 1 |
| BOTTOM OF THE 3RD |
|
Wisconsin Timber Rattlers batting - Pitching for Hagerstown Suns : RHP Josh Wellman
|
|
Batting: RHB Dusty Bates
|
0-0: Foul Ball, location: 2F 0-1: Swinging Strike 0-2: Ball 1-2: Ground out 6-3 (Groundball, 6, EV 87.5 MPH)
|
|
Batting: SHB Sam Bingham
|
0-0: Called Strike 0-1: Called Strike 0-2: Ball 1-2: Foul Ball, location: 2F 1-2: Ball 2-2: Fly out, F6 (Popup, 15, EV 68.8 MPH)
|
|
Batting: RHB Ryan Miller
|
0-0: Swinging Strike 0-1: Called Strike 0-2: Strikes out swinging
|
| Bottom of the 3rd over - 0 runs, 0 hits, 0 errors, 0 left on base; Hagerstown 3 - Wisconsin 1 |
| TOP OF THE 4TH |
|
Hagerstown Suns batting - Pitching for Wisconsin Timber Rattlers : RHP Zachery Waff
|
|
Batting: RHB Ben Welt
|
0-0: Ball 1-0: Ground out 1-3 (Groundball, 15S, EV 66.9 MPH)
|
|
Batting: LHB Vince McLane
|
0-0: Ball 1-0: Foul Ball, location: 2F 1-1: SINGLE (Line Drive, 78M, EV 88.1 MPH)
|
|
Batting: RHB Antonio Morado
|
0-0: Called Strike 0-1: Ball 1-1: Ball Wild Pitch! Vince McLane to second 2-1: Ground out U3 (Groundball, 34, EV 103.8 MPH) Vince McLane to third
|
|
Batting: LHB Yasuo Igarashi
|
0-0: Swinging Strike 0-1: Swinging Strike 0-2: Ball 1-2: Ball 2-2: Fly out, F8 (Flyball, 78M, EV 86.2 MPH)
|
| Top of the 4th over - 0 runs, 1 hit, 0 errors, 1 left on base; Hagerstown 3 - Wisconsin 1 |
| BOTTOM OF THE 4TH |
|
Wisconsin Timber Rattlers batting - Pitching for Hagerstown Suns : RHP Josh Wellman
|
|
Batting: LHB Jason Raker
|
0-0: Ball 1-0: Foul Ball, location: 2F 1-1: Ball 2-1: Ball 3-1: Base on Balls
|
|
Batting: LHB Mark Backstrom
|
0-0: Foul Ball, location: 2F 0-1: Swinging Strike 0-2: Foul Ball, location: 2F 0-2: Foul Ball, location: 2F 0-2: Foul Ball, location: 2F 0-2: Foul Ball, location: 2F 0-2: Foul Ball, location: 2F 0-2: Grounds into double play, 4-6-3 (Groundball, 4, EV 91.9 MPH)
|
|
Batting: RHB Alfredo Sena
|
0-0: Ball 1-0: Reached on error, E4 (Groundball, 34D, EV 110.6 MPH)
|
|
Batting: RHB Dan Allred
|
0-0: Fly out, F8 (Flyball, 8LD, EV 96.2 MPH)
|
| Bottom of the 4th over - 0 runs, 0 hits, 1 error, 1 left on base; Hagerstown 3 - Wisconsin 1 |
| TOP OF THE 5TH |
|
Hagerstown Suns batting - Pitching for Wisconsin Timber Rattlers : RHP Zachery Waff
|
|
Batting: RHB Bobby Bricker
|
0-0: Ball 1-0: Called Strike 1-1: Reached on error, E6 (Groundball, 6, EV 89.4 MPH)
|
|
Batting: RHB Leo Gutierrez
|
0-0: SINGLE (Groundball, 6MD, EV 103.8 MPH) Bobby Bricker to third Runner from 3rd tries for Home, SAFE, throw by CF to home
|
|
Batting: RHB Tylor Cyr
|
0-0: Foul Ball, location: 2F 0-1: Ball 1-1: Ball 2-1: SINGLE (Flyball, 9, EV 93.1 MPH) Leo Gutierrez to second
|
|
Batting: RHB Slavik Nebrodov
|
0-0: Ball 1-0: Ball 2-0: Ball 3-0: Fly out, F3 (Popup, 3F, EV 69.4 MPH)
|
|
Batting: RHB Bryan Wheeler
|
0-0: Grounds into double play, 5-4-3 (Groundball, 56, EV 103.8 MPH)
|
| Top of the 5th over - 1 run, 2 hits, 1 error, 1 left on base; Hagerstown 4 - Wisconsin 1 |
| BOTTOM OF THE 5TH |
|
Wisconsin Timber Rattlers batting - Pitching for Hagerstown Suns : RHP Josh Wellman
|
|
Batting: RHB Juan Villanueva
|
0-0: Foul Ball, location: 2F 0-1: Ball 1-1: Fly out, F8 (Flyball, 8RD, EV 80.0 MPH)
|
|
Batting: SHB Robert Sayer
|
0-0: Ball 1-0: Called Strike 1-1: Ball 2-1: Called Strike 2-2: Foul Ball, location: 2F 2-2: DOUBLE (Groundball, 3L, EV 101.9 MPH) - OUT at third base trying to stretch hit.
|
|
Batting: RHB Dusty Bates
|
0-0: Called Strike 0-1: Ball 1-1: Ball 2-1: Ball 3-1: Foul Ball, location: 2F 3-2: DOUBLE (Flyball, 89XD, EV 111.2 MPH)
|
|
Batting: SHB Sam Bingham
|
0-0: Foul Ball, location: 2F 0-1: Called Strike 0-2: Ball 1-2: Ball 2-2: Strikes out swinging
|
| Bottom of the 5th over - 0 runs, 2 hits, 0 errors, 1 left on base; Hagerstown 4 - Wisconsin 1 |
| TOP OF THE 6TH |
|
Hagerstown Suns batting - Pitching for Wisconsin Timber Rattlers : RHP Zachery Waff
|
|
Batting: RHB Ben Welt
|
0-0: Called Strike 0-1: Ball 1-1: Ball 2-1: Ball 3-1: Called Strike 3-2: Ground out 3-1 (Groundball, 13, EV 86.2 MPH)
|
|
Batting: LHB Vince McLane
|
0-0: Ground out 1-3 (Groundball, 25, EV 68.1 MPH)
|
|
Batting: RHB Antonio Morado
|
0-0: Ball 1-0: Foul Ball, location: 2F 1-1: Ground out 3-1 (Groundball, 34S, EV 80.0 MPH)
|
| Top of the 6th over - 0 runs, 0 hits, 0 errors, 0 left on base; Hagerstown 4 - Wisconsin 1 |
| BOTTOM OF THE 6TH |
|
Wisconsin Timber Rattlers batting - Pitching for Hagerstown Suns : RHP Josh Wellman
|
|
Batting: RHB Ryan Miller
|
0-0: Ball 1-0: Ball 2-0: Foul Ball, location: 2F 2-1: SINGLE (Groundball, 6MD, EV 107.5 MPH)
|
|
Batting: LHB Jason Raker
|
0-0: Called Strike 0-1: Ball 1-1: Ball 2-1: Ball 3-1: Called Strike 3-2: Foul Ball, location: 2F 3-2: Foul Ball, location: 2F 3-2: Fielders Choice at 2nd, 6-4 (Groundball, 6, EV 82.5 MPH)
|
|
Pitching: RHP Steve Barnes
|
|
|
Batting: LHB Mark Backstrom
|
0-0: Ball 1-0: Ball 2-0: Called Strike Jason Raker is caught stealing 2nd base 2-6 2-1: Foul Ball, location: 2F 2-2: Strikes out swinging
|
| Bottom of the 6th over - 0 runs, 1 hit, 0 errors, 0 left on base; Hagerstown 4 - Wisconsin 1 |
| TOP OF THE 7TH |
|
Hagerstown Suns batting - Pitching for Wisconsin Timber Rattlers : RHP Zachery Waff
|
|
Batting: LHB Yasuo Igarashi
|
0-0: Swinging Strike 0-1: Ground out 6-3 (Groundball, 6, EV 103.8 MPH)
|
|
Batting: RHB Bobby Bricker
|
0-0: Ball 1-0: Foul Ball, location: 2F 1-1: SINGLE (Groundball, 56D, EV 108.8 MPH)
|
|
Pitching: RHP Settan Suzuki
|
|
|
Batting: RHB Leo Gutierrez
|
0-0: Ball 1-0: Called Strike 1-1: Called Strike 1-2: Foul Ball, location: 2F 1-2: Ball 2-2: Foul Ball, location: 2F 2-2: Strikes out swinging
|
|
Batting: RHB Tylor Cyr
|
0-0: Fielders Choice at 2nd, 6-4 (Groundball, 6, EV 88.1 MPH)
|
| Top of the 7th over - 0 runs, 1 hit, 0 errors, 1 left on base; Hagerstown 4 - Wisconsin 1 |
| BOTTOM OF THE 7TH |
|
Wisconsin Timber Rattlers batting - Pitching for Hagerstown Suns : RHP Steve Barnes
|
|
Batting: RHB Alfredo Sena
|
0-0: SINGLE (Groundball, P, EV 81.9 MPH) (infield hit)
|
|
Batting: RHB Dan Allred
|
0-0: Called Strike 0-1: Foul Ball, location: 2F 0-2: Fielders Choice at 2nd, 1-4 (Groundball, P, EV 67.5 MPH)
|
|
Batting: RHB Juan Villanueva
|
0-0: Reached on error, E4 (Groundball, 4D, EV 105.6 MPH) Dan Allred to second
|
|
Batting: SHB Robert Sayer
|
0-0: Grounds into double play, 6-4-3 (Groundball, 6, EV 76.9 MPH)
|
| Bottom of the 7th over - 0 runs, 1 hit, 1 error, 1 left on base; Hagerstown 4 - Wisconsin 1 |
| TOP OF THE 8TH |
|
Hagerstown Suns batting - Pitching for Wisconsin Timber Rattlers : RHP Settan Suzuki
|
|
Batting: RHB Slavik Nebrodov
|
0-0: Called Strike 0-1: Ball 1-1: Foul Ball, location: 2F 1-2: Strikes out looking
|
|
Batting: RHB Bryan Wheeler
|
0-0: Ball 1-0: Foul Ball, location: 2F 1-1: Called Strike 1-2: Strikes out swinging
|
|
Batting: RHB Ben Welt
|
0-0: Called Strike 0-1: DOUBLE (Flyball, 8RXD, EV 103.8 MPH)
|
|
Batting: LHB Vince McLane
|
0-0: Called Strike 0-1: Ball 1-1: SINGLE (Groundball, 4D, EV 96.9 MPH) Ben Welt to third Runner from 3rd tries for Home, SAFE, throw by CF to home
|
|
Batting: RHB Antonio Morado
|
0-0: DOUBLE (Line Drive, 89M, EV 92.5 MPH) Vince McLane to third Runner from 3rd tries for Home, SAFE, throw by CF to home
|
|
Batting: LHB Yasuo Igarashi
|
0-0: Ball 1-0: Ball 2-0: Ground out 3-1 (Groundball, 34, EV 86.9 MPH)
|
| Top of the 8th over - 2 runs, 3 hits, 0 errors, 1 left on base; Hagerstown 6 - Wisconsin 1 |
| BOTTOM OF THE 8TH |
|
Wisconsin Timber Rattlers batting - Pitching for Hagerstown Suns : RHP Steve Barnes
|
|
Batting: RHB Dusty Bates
|
0-0: Ball 1-0: Called Strike 1-1: Ball 2-1: Foul Ball, location: 2F 2-2: Foul Ball, location: 2F 2-2: Ball 3-2: Foul Ball, location: 2F 3-2: Ground out 5-3 (Groundball, 56S, EV 66.9 MPH)
|
|
Batting: SHB Sam Bingham
|
0-0: Foul Ball, location: 2F 0-1: Ball 1-1: Called Strike 1-2: Foul Ball, location: 2F 1-2: Fly out, F7 (Flyball, 7, EV 92.5 MPH)
|
|
Batting: RHB Ryan Miller
|
0-0: SOLO HOME RUN (Flyball, 7LD, EV 93.1 MPH), Distance : 337 ft
|
|
Batting: LHB Jason Raker
|
0-0: Ground out 4-3 (Groundball, 4, EV 85.0 MPH)
|
| Bottom of the 8th over - 1 run, 1 hit, 0 errors, 0 left on base; Hagerstown 6 - Wisconsin 2 |
| TOP OF THE 9TH |
|
Hagerstown Suns batting - Pitching for Wisconsin Timber Rattlers : RHP Settan Suzuki
|
|
Pitching: RHP Sal Contreras
|
|
|
Batting: RHB Bobby Bricker
|
0-0: Ball 1-0: Foul Ball, location: 2F 1-1: Swinging Strike 1-2: Ball 2-2: Ball 3-2: Base on Balls
|
|
Batting: RHB Leo Gutierrez
|
0-0: Called Strike 0-1: Ball 1-1: Bunt missed! 1-2: Ball 2-2: Fielders Choice at 2nd, 4-6 (Groundball, 13, EV 77.5 MPH)
|
|
Batting: RHB Tylor Cyr
|
0-0: Swinging Strike 0-1: Ball 1-1: Swinging Strike 1-2: Foul Ball, location: 2F 1-2: Fly out, F7 (Flyball, 7D, EV 103.1 MPH)
|
|
Batting: RHB Slavik Nebrodov
|
0-0: Called Strike 0-1: Ball Leo Gutierrez steals 2nd base 1-1: Ball 2-1: Foul Ball, location: 2F 2-2: Strikes out swinging
|
| Top of the 9th over - 0 runs, 0 hits, 0 errors, 1 left on base; Hagerstown 6 - Wisconsin 2 |
| BOTTOM OF THE 9TH |
|
Wisconsin Timber Rattlers batting - Pitching for Hagerstown Suns : RHP Steve Barnes
|
|
Pitching: RHP Chris Lawrence
|
|
|
Batting: LHB Mark Backstrom
|
0-0: Ball 1-0: Ball 2-0: Foul Ball, location: 2F 2-1: Foul Ball, location: 2F 2-2: Foul Ball, location: 2F 2-2: Foul Ball, location: 2F 2-2: Strikes out swinging
|
|
Batting: RHB Alfredo Sena
|
0-0: Ball 1-0: Ground out U3 (Groundball, 34, EV 108.8 MPH)
|
|
Batting: RHB Dan Allred
|
0-0: Ball 1-0: Called Strike 1-1: Ball 2-1: Ball 3-1: Fly out, F8 (Flyball, 8LD, EV 103.1 MPH)
|
| Bottom of the 9th over - 0 runs, 0 hits, 0 errors, 0 left on base; Hagerstown 6 - Wisconsin 2 |
|